 Dungeon Crawl Stone Soup version 0.22.1-1-ga44c0e5 (webtiles) character file.

2234 Zebedee the Fighter (level 9, -22/97 HPs)
             Began as an Ogre Transmuter on Oct 8, 2018.
             Annihilated by an orc warrior
             ... wielding a +0 scimitar
              (28 damage)
             ... on level 7 of the Dungeon.
             The game lasted 00:20:11 (8139 turns).

Zebedee the Fighter (Ogre Transmuter)               Turns: 8139, Time: 00:20:12

Health: -22/97     AC:  3    Str: 19    XL:     9   Next: 36%
Magic:  12/12      EV: 12    Int: 14    God:
Gold:   200        SH:  0    Dex:  9    Spells: 9/12 levels left

rFire    + . .     SeeInvis .   B - +3 mace "Xerehoim" {distort, rElec}
rCold    . . .     Gourm    .   (no shield)
rNeg     . . .     Faith    .   b - +0 robe
rPois    .         Spirit   .   (helmet restricted)
rElec    +         Reflect  .   (no cloak)
rCorr    .         Harm     .   (gloves unavailable)
MR       .....                  (boots unavailable)
Stlth    +.........             (no amulet)
HPRegen  0.26/turn              p - +2 ring of evasion
MPRegen  0.13/turn              H - ring of protection from fire

@: no status effects
A: large, unfitting armour, tough skin 1
a: no special abilities


You were on level 7 of the Dungeon.
You were hungry.

You visited 1 branch of the dungeon, and saw 7 of its levels.

You collected 200 gold pieces.

Inventory:

Hand Weapons
 A - a +0 trident
 B - the +3 mace "Xerehoim" (weapon) {distort, rElec}
   (You found it on level 4 of the Dungeon)

   It warps and distorts space around it.
   Unwielding it can cause banishment or high damage.
   It insulates you from electricity.
Missiles
 a - 97 arrows
 e - 3 throwing nets
 k - 106 stones
 m - 43 poisoned needles
 t - 11 tomahawks (quivered)
Armour
 b - a +0 robe (worn)
 w - a +0 pair of boots
 C - a +0 buckler
Jewellery
 p - a +2 ring of evasion (left hand)
 x - an uncursed ring of fire
 H - a ring of protection from fire (right hand)
Wands
 F - a wand of flame (49)
Scrolls
 c - 2 scrolls of teleportation {unknown}
 g - 6 scrolls of remove curse {unknown}
 h - a scroll of fear {unknown}
 i - 3 scrolls of enchant armour {unknown}
 j - 6 scrolls of identify {unknown}
 l - a scroll of random uselessness {unknown}
 n - a scroll of blinking {unknown}
 o - 5 scrolls of fog {unknown}
 s - a scroll of immolation {unknown}
 v - 2 scrolls of amnesia {unknown}
 y - 4 scrolls of enchant weapon {unknown}
 E - a scroll of noise {unknown}
 K - a scroll of magic mapping {unknown}
Potions
 f - a potion of curing
 q - 2 potions of heal wounds {unknown}
 r - 2 potions of haste {unknown}
 u - 4 potions of lignification {unknown}
 z - a potion of brilliance {unknown}
 D - a potion of might
 G - a potion of cancellation {unknown}
 I - a potion of mutation {unknown}
Comestibles
 d - 8 rations


   Skills:
 * Level 8.6 Fighting
 + Level 5.8 Maces & Flails
 - Level 1.7 Dodging
 * Level 6.4 Unarmed Combat
 - Level 2.4 Spellcasting
 * Level 4.4 Transmutations


You had 9 spell levels left.
You knew the following spells:

 Your Spells              Type           Power        Failure   Level  Hunger
a - Beastly Appendage     Tmut           ##....       3%          1    #......
b - Sticks to Snakes      Tmut           ##......     5%          2    ###....

Your spell library contained the following spells:

 Spells                   Type           Power        Failure   Level  Hunger
 Spider Form              Tmut/Pois      #.........   26%         3    ###....
 Ice Form                 Ice/Tmut       #.......     65%         4    #####..
 Blade Hands              Tmut           ##........   69%         5    ######.


Dungeon Overview and Level Annotations

Branches:
Dungeon (7/15)             Temple (0/1) D:7

Altars:
Ashenzari
Cheibriados
Gozag
Okawaru
Qazlal
Sif Muna
Uskayaw
Xom

Shops:
D:7 %


Innate Abilities, Weirdness & Mutations

You are too large for most types of armour.
You have tough skin. (AC +1)


Message History

The orc wizard gestures at you while chanting.
You easily resist.
You barely miss the orc warrior.
The orc warrior is moderately wounded.
The orc warrior misses you.
You hit the orc warrior.
Space bends around the orc warrior.
The orc warrior is severely wounded.
The orc wizard closely misses you. The orc warrior closely misses you.
You hit the orc warrior but do no damage.
Space bends around the orc warrior.
The orc warrior is severely wounded.
The orc wizard hits you but does no damage.
The orc warrior hits you with a scimitar!!
* * * LOW HITPOINT WARNING * * *
You closely miss the orc warrior.
The orc warrior is severely wounded.
The orc wizard hits you with a dagger.
* * * LOW HITPOINT WARNING * * *
The orc warrior hits you with a scimitar!!
You die...

#.. ## #.# .. .. #.#
.# #.# #.# ..# ..
#.##..# #.##
#.....#### . #..#
#..#......
..#####'###o........
#.......o@o###.#....
#.......)..# .....
#.?........# ....#
#..........###....#
########'#...$.....#
#...........#
##...$?...?. #
#%.#8.8#..p #
#.#8...8..p ###


You could see an orc warrior, an orc wizard and an orc.

Vanquished Creatures
  Pikel (D:7)
  A hippogriff (D:4)
  2 sky beasts (D:5)
  A slave (D:7)
  2 phantoms (D:4)
  3 ogres
  A scorpion (D:4)
  2 crimson imps
  A howler monkey (D:5)
  A centaur zombie (D:6)
  3 orc priests
  A centaur skeleton (D:4)
  A hound (D:7)
  An iguana (D:4)
  Natasha (D:4)
  Terence (D:3)
  9 orc wizards
  3 worker ants
  5 adders
  3 gnolls (D:6)
  An ooze (D:1)
  An adder zombie (D:5)
  4 worms
  5 dart slugs
  6 leopard geckos
  31 orcs
  5 ball pythons
  2 giant cockroaches
  3 goblins
  7 hobgoblins
  3 quokkas
  8 bats
  7 frilled lizards
  4 kobolds
  A quokka skeleton (D:5)
  7 rats
138 creatures vanquished.

Vanquished Creatures (collateral kills)
  A hobgoblin (D:1)
1 creature vanquished.

Vanquished Creatures (others)
  A water moccasin (D:5)
  A slave (D:7)
  A hound (D:7)
  An adder (D:7)
  An adder skeleton (D:7)
5 creatures vanquished.

Grand Total: 144 creatures vanquished

Notes
Turn   | Place    | Note
-------+----------+-------------------------------------------
     0 | D:1      | Zebedee the Ogre Transmuter began the quest for the Orb.
     0 | D:1      | Reached XP level 1. HP: 19/19 MP: 3/3
   235 | D:1      | Reached XP level 2. HP: 18/27 MP: 3/5
   332 | D:1      | Learned a level 2 spell: Sticks to Snakes
   788 | D:1      | Found a snail-covered altar of Cheibriados.
  1077 | D:1      | Reached XP level 3. HP: 33/35 MP: 4/6
  1228 | D:2      | Found a deep blue altar of Sif Muna.
  1369 | D:2      | Found a faded altar of an unknown god.
  1388 | D:2      | Reached skill level 2 in Fighting
  1698 | D:3      | Noticed Terence
  1719 | D:3      | HP: 1/35 [Terence/mace (5)]
  1724 | D:3      | Killed Terence
  1724 | D:3      | Reached XP level 4. HP: 11/44 MP: 7/7
  2496 | D:3      | Reached XP level 5. HP: 25/52 MP: 6/8
  2501 | D:3      | Reached skill level 3 in Fighting
  2689 | D:3      | Found a shimmering altar of Xom.
  3042 | D:4      | Noticed a phantom
  3167 | D:4      | Found a stormy altar of Qazlal.
  3348 | D:4      | Found an iron altar of Okawaru.
  3381 | D:4      | Got a crystal mace
  3382 | D:4      | Identified the +3 mace "Xerehoim" {distort, rElec} (You
                  | found it on level 4 of the Dungeon)
  3977 | D:4      | Reached XP level 6. HP: 38/61 MP: 9/9
  4142 | D:4      | Reached skill level 5 in Unarmed Combat
  4160 | D:4      | Noticed a hippogriff
  4210 | D:4      | Killed a hippogriff
  4210 | D:4      | Reached skill level 4 in Fighting
  4210 | D:4      | Reached skill level 1 in Maces & Flails
  4210 | D:4      | Reached XP level 7. HP: 20/71 MP: 10/10
  4788 | D:4      | Reached skill level 5 in Fighting
  4890 | D:4      | Found a stormy altar of Qazlal.
  4931 | D:4      | Noticed Natasha
  4937 | D:4      | Killed Natasha
  5193 | D:5      | Entered Level 5 of the Dungeon
  5250 | D:5      | Found an opulent altar of Gozag.
  5291 | D:5      | Reached skill level 6 in Fighting
  5291 | D:5      | Reached XP level 8. HP: 69/83 MP: 11/11
  5538 | D:5      | Found a shattered altar of Ashenzari.
  5700 | D:5      | Reached skill level 7 in Fighting
  6678 | D:6      | Found a hide-covered altar of Uskayaw.
  7410 | D:6      | Reached skill level 5 in Maces & Flails
  7410 | D:6      | Reached XP level 9. HP: 72/96 MP: 12/12
  7692 | D:6      | Reached skill level 8 in Fighting
  7933 | D:7      | Found Tiraoma's Food Shoppe.
  8001 | D:7      | Found a staircase to the Ecumenical Temple.
  8006 | D:7      | Noticed Pikel
  8036 | D:7      | Killed Pikel
  8139 | D:7      | Annihilated by an orc warrior

Skill      XL: |  1  2  3  4  5  6  7  8  9 |
---------------+----------------------------+-----
Unarmed Combat | 3 4 5 6 |  6.4
Transmutations | 2 3 4 |  4.4
Fighting       | 2 3 4 6 7 8 |  8.6
Maces & Flails | 1 2 5 |  5.8
Dodging        | |  1.7
Spellcasting   | |  2.4

Action                   |  1- 3 |  4- 6 |  7- 9 || total
-------------------------+-------+-------+-------++-------
Melee: Unarmed           |   152 |   126 |       ||   278
       Kick              |     5 |     5 |       ||    10
       Headbutt          |     6 |     7 |       ||    13
       Punch             |     1 |     1 |     4 ||     6
       Mace              |       |    53 |   218 ||   271
Throw: Stone             |       |    10 |       ||    10
       Tomahawk          |       |     5 |       ||     5
 Cast: Beastly Appendage |    18 |    14 |       ||    32
       Sticks to Snakes  |     1 |       |       ||     1
  Use: Potion            |     3 |       |     2 ||     5
  Eat: Chunk             |     3 |     8 |     9 ||    20
       Ration            |       |       |     1 ||     1
Armor: Robe              |    63 |    21 |    19 ||   103
Dodge: Dodged            |    81 |   104 |   100 ||   285
